2832 views
Uploaded 2019-12-01 21:22:11
Game version 1.32.0.3 / 1.32.0.3.1
26:10 long 3on3 ladder game on (8)Mur'gulOasis_LV
Saved by BEARAND
2832 views
Uploaded 2019-12-01 21:22:11
Game version 1.32.0.3 / 1.32.0.3.1
26:10 long 3on3 ladder game on (8)Mur'gulOasis_LV


114 units @ 18.2k
/ 3.1k
49 buildings @ 8.2k
/ 3.3k


| Rod of Necromancy | 1 | 150 |
| total: | 1 | 150g |
| Acolyte | 2 | 150 | / | 0 |
| Ghoul | 2 | 240 | / | 0 |
| Crypt Fiend | 9 | 1935 | / | 360 |
| Obsidian Statue | 3 | 600 | / | 105 |
| Abomination | 12 | 2880 | / | 840 |
| total: | 28 | 5805g | / | 1305w |
| Spirit Tower | 3 | 435 | / | 120 |
| Graveyard | 1 | 215 | / | 0 |
| Crypt | 1 | 200 | / | 50 |
| Ziggurat | 9 | 1350 | / | 450 |
| Altar of Darkness | 1 | 180 | / | 50 |
| Tomb of Relics | 1 | 130 | / | 30 |
| Slaughterhouse | 2 | 280 | / | 270 |
| Halls of the Dead | 1 | 320 | / | 210 |
| Black Citadel | 1 | 325 | / | 230 |
| total: | 15 | 2355g | / | 850w |
| 0:07 | Acolyte |
| 0:07 | Acolyte |
| 0:12 | Graveyard |
| 0:19 | Crypt |
| 0:40 | Ziggurat |
| 0:59 | Altar of Darkness |
| 1:22 | Ghoul |
| 1:35 | Tomb of Relics |
| 1:49 | Crypt Fiend |
| 2:10 | Ziggurat |
| 2:20 | Ghoul |
| 3:00 | Crypt Fiend |
| 3:05 | Death Coil |
| 3:06 | Rod of Necromancy |
| 3:27 | Crypt Fiend |
| 3:53 | Crypt Fiend |
| 3:57 | Ziggurat |
| 4:38 | Unholy Aura |
| 5:07 | Halls of the Dead |
| 5:10 | Crypt Fiend |
| 5:56 | Death Coil |
| 6:23 | Crypt Fiend |
| 6:25 | Creature Attack |
| 6:27 | Unholy Strength |
| 6:30 | Spirit Tower |
| 7:24 | Ziggurat |
| 7:34 | Crypt Fiend |
| 7:41 | Slaughterhouse |
| 7:47 | Slaughterhouse |
| 7:58 | Web |
| 8:50 | Unholy Aura |
| 8:57 | Vampiric Aura |
| 9:06 | Obsidian Statue |
| 9:08 | Black Citadel |
| 9:09 | Obsidian Statue |
| 9:19 | Crypt Fiend |
| 9:53 | Obsidian Statue |
| 10:05 | Unholy Armor |
| 11:38 | Ziggurat |
| 11:41 | Ziggurat |
| 12:37 | Abomination |
| 12:38 | Abomination |
| 12:48 | Spirit Tower |
| 12:57 | Crypt Fiend |
| 13:19 | Abomination |
| 13:20 | Abomination |
| 13:40 | Ziggurat |
| 14:50 | Abomination |
| 14:52 | Abomination |
| 17:24 | Ziggurat |
| 17:24 | Ziggurat |
| 17:27 | Improved Unholy Armor |
| 17:32 | Abomination |
| 17:38 | Disease Cloud |
| 19:24 | Abomination |
| 19:51 | Spirit Tower |
| 20:06 | Abomination |
| 20:07 | Abomination |
| 20:56 | Abomination |
| 20:57 | Abomination |
| 23:07 | Sleep |
| Right click | 713 |
| Select group | 241 |
| Select | 219 |
| Build/train/purchase | 57 |
| Assign group | 24 |
| Chat | 11 |
| Use ability | 9 |
| Resource trade | 5 |
| Item give/drop | 1 |

| Healing Salve | 5 | 500 |
| Lesser Clarity Potion | 1 | 70 |
| Potion of Healing | 2 | 300 |
| Scroll of Town Portal | 1 | 350 |
| total: | 9 | 1220g |
| Peon | 7 | 525 | / | 0 |
| Troll Headhunter | 17 | 2380 | / | 340 |
| Troll Berserker | 3 | 420 | / | 60 |
| Troll Witch Doctor | 10 | 1450 | / | 250 |
| Demolisher | 2 | 440 | / | 100 |
| total: | 39 | 5215g | / | 750w |
| Orc Burrow | 6 | 960 | / | 240 |
| Barracks | 2 | 360 | / | 100 |
| War Mill | 1 | 205 | / | 0 |
| Altar of Storms | 1 | 180 | / | 50 |
| Voodoo Lounge | 1 | 130 | / | 30 |
| Spirit Lodge | 1 | 150 | / | 150 |
| Stronghold | 1 | 315 | / | 190 |
| Fortress | 1 | 325 | / | 190 |
| total: | 12 | 1985g | / | 570w |
| 0:02 | Peon |
| 0:03 | Peon |
| 0:07 | Orc Burrow |
| 0:26 | Peon |
| 0:43 | Peon |
| 0:54 | Peon |
| 1:04 | Barracks |
| 1:22 | War Mill |
| 1:23 | Peon |
| 1:28 | Altar of Storms |
| 1:43 | Barracks |
| 1:58 | Orc Burrow |
| 2:04 | Peon |
| 2:25 | Voodoo Lounge |
| 2:34 | Troll Headhunter |
| 2:49 | Troll Headhunter |
| 2:59 | Troll Headhunter |
| 3:13 | Troll Headhunter |
| 3:29 | Troll Headhunter |
| 3:40 | Healing Salve |
| 3:42 | War Stomp |
| 3:53 | Troll Headhunter |
| 4:06 | Orc Burrow |
| 4:18 | Steel Ranged Weapons |
| 4:26 | Endurance Aura |
| 5:05 | Stronghold |
| 5:07 | Troll Headhunter |
| 5:23 | Steel Armor |
| 5:32 | War Stomp |
| 5:44 | Troll Headhunter |
| 6:17 | Troll Headhunter |
| 7:46 | Endurance Aura |
| 7:52 | Thorium Ranged Weapons |
| 7:54 | Troll Headhunter |
| 8:15 | Troll Headhunter |
| 8:43 | Spirit Lodge |
| 8:49 | Fortress |
| 8:51 | Orc Burrow |
| 8:54 | Healing Salve |
| 8:58 | Healing Salve |
| 9:04 | Lesser Clarity Potion |
| 9:12 | Thorium Armor |
| 9:14 | Troll Regeneration |
| 9:48 | Endurance Aura |
| 9:55 | Troll Headhunter |
| 9:55 | Troll Headhunter |
| 9:55 | Troll Headhunter |
| 10:07 | Troll Headhunter |
| 10:09 | Healing Salve |
| 10:21 | Potion of Healing |
| 10:57 | Witch Doctor Adept Training |
| 11:25 | Berserker Upgrade |
| 11:26 | Troll Headhunter |
| 11:57 | Troll Headhunter |
| 12:03 | Witch Doctor Master Training |
| 12:23 | Troll Berserker |
| 12:36 | Arcanite Ranged Weapons |
| 12:55 | Troll Berserker |
| 13:16 | Potion of Healing |
| 13:23 | Troll Witch Doctor |
| 14:12 | Troll Witch Doctor |
| 14:46 | Troll Witch Doctor |
| 14:47 | Orc Burrow |
| 15:18 | Troll Witch Doctor |
| 15:50 | Troll Berserker |
| 15:51 | Troll Witch Doctor |
| 16:49 | Troll Witch Doctor |
| 16:49 | Troll Witch Doctor |
| 17:17 | Demolisher |
| 17:21 | Troll Witch Doctor |
| 18:06 | Orc Burrow |
| 19:27 | Troll Witch Doctor |
| 19:27 | Troll Witch Doctor |
| 19:48 | Scroll of Town Portal |
| 19:49 | Healing Salve |
| 21:09 | Demolisher |
| 21:12 | Burning Oil |
| 23:46 | Reincarnation |
| Right click | 1028 |
| Select | 414 |
| Build/train/purchase | 94 |
| Chat | 67 |
| Use ability | 17 |
| Resource trade | 10 |
| Assign group | 7 |
| Minimap ping | 7 |
| Select group | 3 |
| Misc. action | 2 |
| Item give/drop | 1 |

| Scroll of Town Portal | 2 | 700 |
| total: | 2 | 700g |
| Wisp | 25 | 1500 | / | 0 |
| Archer | 6 | 780 | / | 60 |
| Huntress | 3 | 585 | / | 60 |
| Chimaera | 13 | 4290 | / | 910 |
| total: | 47 | 7155g | / | 1030w |
| Ancient Protector | 4 | 540 | / | 320 |
| Ancient of War | 1 | 150 | / | 60 |
| Altar of Elders | 1 | 180 | / | 50 |
| Moon Well | 9 | 1620 | / | 360 |
| Hunter's Hall | 1 | 210 | / | 100 |
| Ancient of Wonders | 1 | 90 | / | 30 |
| Tree of Life | 2 | 680 | / | 370 |
| Chimaera Roost | 3 | 420 | / | 570 |
| Tree of Ages | 1 | 320 | / | 180 |
| Tree of Eternity | 1 | 330 | / | 200 |
| total: | 22 | 3890g | / | 1860w |
| 0:12 | Ancient of War |
| 0:17 | Wisp |
| 0:18 | Wisp |
| 0:25 | Altar of Elders |
| 0:38 | Moon Well |
| 0:49 | Wisp |
| 1:24 | Wisp |
| 1:24 | Wisp |
| 1:52 | Archer |
| 1:54 | Wisp |
| 1:55 | Wisp |
| 1:58 | Archer |
| 2:14 | Moon Well |
| 2:18 | Archer |
| 2:30 | Archer |
| 2:41 | Force of Nature |
| 3:00 | Hunter's Hall |
| 3:15 | Moon Well |
| 3:57 | Wisp |
| 3:57 | Wisp |
| 4:20 | Ancient Protector |
| 4:26 | Moon Well |
| 4:30 | Wisp |
| 4:31 | Wisp |
| 4:31 | Wisp |
| 4:54 | Entangling Roots |
| 5:17 | Tree of Ages |
| 5:27 | Ancient Protector |
| 5:38 | Ancient of Wonders |
| 5:41 | Archer |
| 5:42 | Archer |
| 5:45 | Strength of the Wild |
| 5:45 | Reinforced Hides |
| 7:26 | Force of Nature |
| 7:58 | Tree of Eternity |
| 8:10 | Moon Well |
| 8:32 | Improved Strength of the Wild |
| 8:32 | Improved Reinforced Hides |
| 9:14 | Tree of Life |
| 10:05 | Huntress |
| 10:05 | Huntress |
| 10:05 | Huntress |
| 10:15 | Tree of Life |
| 10:29 | Advanced Strength of the Wild |
| 10:32 | Wisp |
| 10:32 | Wisp |
| 10:32 | Wisp |
| 11:02 | Chimaera Roost |
| 11:07 | Chimaera Roost |
| 11:23 | Wisp |
| 11:23 | Wisp |
| 11:24 | Wisp |
| 11:25 | Wisp |
| 11:25 | Wisp |
| 11:51 | Thorns Aura |
| 12:01 | Chimaera Roost |
| 12:06 | Moon Well |
| 12:29 | Scroll of Town Portal |
| 12:38 | Corrosive Breath |
| 12:43 | Wisp |
| 12:43 | Wisp |
| 12:43 | Wisp |
| 12:43 | Wisp |
| 12:44 | Wisp |
| 12:52 | Chimaera |
| 13:05 | Moon Well |
| 13:10 | Chimaera |
| 13:30 | Moon Well |
| 13:40 | Chimaera |
| 14:00 | Chimaera |
| 14:24 | Advanced Reinforced Hides |
| 14:52 | Moon Well |
| 14:56 | Chimaera |
| 15:06 | Chimaera |
| 15:55 | Chimaera |
| 15:56 | Chimaera |
| 17:21 | Chimaera |
| 19:23 | Chimaera |
| 19:24 | Chimaera |
| 19:44 | Scroll of Town Portal |
| 20:19 | Ancient Protector |
| 21:13 | Chimaera |
| 22:51 | Chimaera |
| 23:05 | Entangling Roots |
| 23:15 | Ancient Protector |
| Right click | 1603 |
| Select | 319 |
| Select group | 72 |
| Build/train/purchase | 67 |
| Use ability | 31 |
| Chat | 21 |
| Minimap ping | 20 |
| Assign group | 9 |
68 units @ 6.7k
/ 0.4k
213 buildings @ 17.2k
/ 9.7k



x1)
| Staff of Sanctuary | 4 | 1000 |
| Mechanical Critter | 2 | 100 |
| Staff of Teleportation | 4 | 600 |
| Boots of Speed | 3 | 750 |
| Tome of Retraining | 1 | 300 |
| Healing Salve | 1 | 100 |
| Orb of Lightning | 4 | 1500 |
| total: | 19 | 4350g |
| Peasant | 14 | 1050 | / | 0 |
| Priest | 1 | 135 | / | 10 |
| total: | 15 | 1185g | / | 10w |
| Scout Tower | 101 | 3030 | / | 2020 |
| Arcane Tower | 11 | 770 | / | 550 |
| Guard Tower | 34 | 2380 | / | 1700 |
| Altar of Kings | 1 | 180 | / | 50 |
| Farm | 5 | 400 | / | 100 |
| Lumber Mill | 1 | 120 | / | 0 |
| Arcane Vault | 3 | 390 | / | 90 |
| Arcane Sanctum | 1 | 150 | / | 140 |
| Keep | 1 | 320 | / | 210 |
| Castle | 1 | 360 | / | 210 |
| total: | 112 | 4270g | / | 2400w |
| 0:04 | Peasant |
| 0:04 | Peasant |
| 0:10 | Altar of Kings |
| 0:14 | Peasant |
| 0:20 | Farm |
| 0:22 | Peasant |
| 0:36 | Peasant |
| 0:38 | Farm |
| 0:51 | Lumber Mill |
| 0:55 | Peasant |
| 1:04 | Peasant |
| 1:09 | Scout Tower |
| 1:13 | Peasant |
| 1:28 | Peasant |
| 1:35 | Scout Tower |
| 1:39 | Arcane Tower |
| 1:46 | Peasant |
| 1:56 | Scout Tower |
| 1:58 | Peasant |
| 2:05 | Guard Tower |
| 2:07 | Scout Tower |
| 2:10 | Summon Water Elemental |
| 2:18 | Peasant |
| 2:30 | Scout Tower |
| 2:30 | Scout Tower |
| 2:31 | Guard Tower |
| 2:51 | Guard Tower |
| 2:52 | Peasant |
| 2:53 | Peasant |
| 2:55 | Scout Tower |
| 3:07 | Guard Tower |
| 3:34 | Keep |
| 3:56 | Brilliance Aura |
| 4:04 | Guard Tower |
| 4:06 | Improved Masonry |
| 4:08 | Scout Tower |
| 4:09 | Scout Tower |
| 4:11 | Scout Tower |
| 4:28 | Farm |
| 4:29 | Farm |
| 4:33 | Staff of Teleportation |
| 4:41 | Boots of Speed |
| 5:02 | Guard Tower |
| 5:03 | Guard Tower |
| 5:05 | Farm |
| 5:09 | Scout Tower |
| 5:42 | Guard Tower |
| 5:42 | Guard Tower |
| 6:10 | Scout Tower |
| 6:10 | Scout Tower |
| 6:24 | Healing Salve |
| 6:30 | Improved Lumber Harvesting |
| 6:41 | Guard Tower |
| 7:03 | Storm Bolt |
| 7:18 | Guard Tower |
| 7:20 | Castle |
| 7:35 | Summon Water Elemental |
| 7:52 | Scout Tower |
| 7:52 | Scout Tower |
| 7:53 | Scout Tower |
| 8:17 | Arcane Sanctum |
| 8:18 | Advanced Masonry |
| 8:48 | Arcane Vault |
| 8:49 | Arcane Vault |
| 9:19 | Bash |
| 10:55 | Guard Tower |
| 11:08 | Staff of Sanctuary |
| 11:08 | Staff of Sanctuary |
| 11:28 | Imbued Masonry |
| 11:51 | Brilliance Aura |
| 12:11 | Staff of Sanctuary |
| 12:21 | Scout Tower |
| 12:22 | Scout Tower |
| 12:22 | Scout Tower |
| 12:22 | Scout Tower |
| 12:23 | Scout Tower |
| 12:23 | Scout Tower |
| 12:24 | Scout Tower |
| 12:24 | Scout Tower |
| 12:25 | Scout Tower |
| 12:25 | Scout Tower |
| 12:26 | Scout Tower |
| 12:26 | Scout Tower |
| 12:27 | Scout Tower |
| 12:27 | Scout Tower |
| 12:28 | Scout Tower |
| 12:28 | Scout Tower |
| 13:07 | Holy Light |
| 13:10 | Storm Bolt |
| 13:20 | Orb of Lightning |
| 13:21 | Orb of Lightning |
| 13:23 | Guard Tower |
| 13:31 | Staff of Sanctuary |
| 13:50 | Boots of Speed |
| 13:50 | Staff of Teleportation |
| 13:56 | Staff of Teleportation |
| 14:01 | Guard Tower |
| 14:05 | Scout Tower |
| 14:05 | Scout Tower |
| 14:06 | Scout Tower |
| 14:06 | Scout Tower |
| 14:07 | Scout Tower |
| 14:07 | Scout Tower |
| 14:50 | Magic Sentry |
| 14:50 | Priest |
| 14:52 | Scout Tower |
| 14:52 | Scout Tower |
| 14:53 | Scout Tower |
| 14:53 | Scout Tower |
| 14:54 | Scout Tower |
| 14:54 | Scout Tower |
| 14:55 | Scout Tower |
| 14:55 | Scout Tower |
| 14:58 | Arcane Tower |
| 14:59 | Guard Tower |
| 15:14 | Boots of Speed |
| 15:31 | Tome of Retraining |
| 15:31 | Retrain Hero |
| 15:38 | Blizzard |
| 15:38 | Brilliance Aura |
| 15:38 | Blizzard |
| 15:38 | Brilliance Aura |
| 15:40 | Guard Tower |
| 15:54 | Arcane Tower |
| 15:56 | Guard Tower |
| 15:57 | Guard Tower |
| 16:15 | Guard Tower |
| 16:17 | Arcane Tower |
| 16:36 | Arcane Tower |
| 16:36 | Arcane Tower |
| 16:41 | Arcane Vault |
| 16:42 | Guard Tower |
| 17:05 | Guard Tower |
| 17:08 | Scout Tower |
| 17:09 | Scout Tower |
| 17:10 | Scout Tower |
| 17:10 | Scout Tower |
| 17:11 | Scout Tower |
| 17:11 | Scout Tower |
| 17:12 | Scout Tower |
| 17:12 | Scout Tower |
| 17:22 | Guard Tower |
| 17:28 | Scout Tower |
| 17:28 | Scout Tower |
| 17:29 | Scout Tower |
| 18:01 | Orb of Lightning |
| 18:02 | Orb of Lightning |
| 18:06 | Staff of Teleportation |
| 19:59 | Guard Tower |
| 20:13 | Arcane Tower |
| 20:49 | Scout Tower |
| 20:50 | Scout Tower |
| 20:51 | Scout Tower |
| 20:52 | Scout Tower |
| 21:28 | Scout Tower |
| 21:28 | Scout Tower |
| 21:29 | Scout Tower |
| 21:29 | Scout Tower |
| 21:30 | Scout Tower |
| 21:30 | Scout Tower |
| 21:30 | Scout Tower |
| 21:31 | Scout Tower |
| 21:31 | Scout Tower |
| 21:31 | Scout Tower |
| 21:33 | Scout Tower |
| 21:33 | Scout Tower |
| 21:34 | Scout Tower |
| 21:34 | Scout Tower |
| 21:34 | Scout Tower |
| 21:35 | Scout Tower |
| 21:38 | Scout Tower |
| 21:38 | Scout Tower |
| 21:39 | Scout Tower |
| 21:40 | Scout Tower |
| 21:40 | Scout Tower |
| 21:41 | Scout Tower |
| 21:42 | Scout Tower |
| 21:42 | Scout Tower |
| 21:42 | Scout Tower |
| 21:43 | Scout Tower |
| 21:43 | Scout Tower |
| 21:44 | Scout Tower |
| 21:45 | Scout Tower |
| 21:45 | Scout Tower |
| 21:45 | Scout Tower |
| 21:58 | Arcane Tower |
| 22:05 | Guard Tower |
| 22:05 | Guard Tower |
| 22:41 | Guard Tower |
| 22:56 | Mechanical Critter |
| 22:56 | Mechanical Critter |
| 23:08 | Guard Tower |
| 23:44 | Guard Tower |
| 23:54 | Guard Tower |
| 23:55 | Arcane Tower |
| 23:58 | Scout Tower |
| 24:01 | Scout Tower |
| 24:01 | Scout Tower |
| 24:02 | Scout Tower |
| 24:02 | Scout Tower |
| 24:02 | Scout Tower |
| 24:03 | Scout Tower |
| 24:03 | Scout Tower |
| 24:04 | Scout Tower |
| 24:12 | Guard Tower |
| 24:13 | Guard Tower |
| 24:40 | Bash |
| 24:47 | Guard Tower |
| Right click | 1882 |
| Select | 498 |
| Select group | 386 |
| Chat | 247 |
| Build/train/purchase | 149 |
| Use ability | 67 |
| Assign group | 33 |
| Misc. action | 25 |
| Minimap ping | 20 |
| Resource trade | 15 |
| Item give/drop | 5 |



| Healing Salve | 1 | 100 |
| Lesser Clarity Potion | 1 | 70 |
| Orb of Lightning | 1 | 375 |
| Boots of Speed | 3 | 750 |
| Staff of Teleportation | 1 | 150 |
| Staff of Sanctuary | 2 | 500 |
| Orb of Fire | 1 | 325 |
| total: | 10 | 2270g |
| Peon | 23 | 1725 | / | 0 |
| Troll Batrider | 7 | 1120 | / | 280 |
| total: | 30 | 2845g | / | 280w |
| Watch Tower | 67 | 7370 | / | 5360 |
| Altar of Storms | 1 | 180 | / | 50 |
| Orc Burrow | 4 | 640 | / | 160 |
| War Mill | 2 | 410 | / | 0 |
| Voodoo Lounge | 3 | 390 | / | 90 |
| Great Hall | 1 | 385 | / | 185 |
| Beastiary | 3 | 435 | / | 420 |
| Stronghold | 1 | 315 | / | 190 |
| Fortress | 1 | 325 | / | 190 |
| total: | 81 | 9810g | / | 6265w |
| 0:03 | Peon |
| 0:03 | Peon |
| 0:06 | Altar of Storms |
| 0:19 | Orc Burrow |
| 0:22 | Peon |
| 0:44 | Peon |
| 0:49 | War Mill |
| 0:53 | Peon |
| 1:03 | Peon |
| 1:21 | Peon |
| 1:30 | Peon |
| 1:34 | Voodoo Lounge |
| 1:43 | Peon |
| 1:51 | Orc Burrow |
| 2:05 | Watch Tower |
| 2:09 | Shockwave |
| 2:18 | Peon |
| 2:25 | Watch Tower |
| 2:42 | Watch Tower |
| 2:50 | Healing Salve |
| 2:50 | Lesser Clarity Potion |
| 2:56 | Peon |
| 3:04 | Peon |
| 3:15 | Watch Tower |
| 3:29 | Peon |
| 3:29 | Peon |
| 3:47 | Watch Tower |
| 4:12 | Stronghold |
| 4:24 | Watch Tower |
| 4:39 | Watch Tower |
| 4:58 | Watch Tower |
| 5:09 | Endurance Aura |
| 5:15 | Watch Tower |
| 5:28 | Watch Tower |
| 5:45 | Orc Burrow |
| 6:07 | Watch Tower |
| 6:17 | Voodoo Lounge |
| 6:26 | Watch Tower |
| 6:31 | Watch Tower |
| 7:06 | Boots of Speed |
| 7:18 | Watch Tower |
| 7:24 | Reinforced Defenses |
| 7:42 | Hex |
| 7:48 | Watch Tower |
| 7:50 | Watch Tower |
| 8:00 | Voodoo Lounge |
| 8:34 | Watch Tower |
| 8:48 | Shockwave |
| 8:52 | Watch Tower |
| 8:54 | Watch Tower |
| 9:08 | Fortress |
| 10:03 | Watch Tower |
| 10:04 | Watch Tower |
| 10:06 | Healing Wave |
| 10:48 | Watch Tower |
| 11:08 | Watch Tower |
| 11:11 | Watch Tower |
| 11:59 | Watch Tower |
| 12:21 | Frost Arrows |
| 12:53 | Watch Tower |
| 13:02 | Watch Tower |
| 13:09 | Endurance Aura |
| 13:22 | Peon |
| 13:22 | Peon |
| 13:23 | Peon |
| 13:23 | Peon |
| 13:59 | Healing Wave |
| 14:13 | Watch Tower |
| 14:15 | Watch Tower |
| 14:26 | Watch Tower |
| 14:27 | Watch Tower |
| 14:28 | Watch Tower |
| 14:29 | Watch Tower |
| 14:57 | War Mill |
| 15:05 | Boots of Speed |
| 15:21 | Watch Tower |
| 15:34 | Orb of Lightning |
| 15:51 | Watch Tower |
| 15:52 | Watch Tower |
| 15:55 | Orc Burrow |
| 16:20 | Beastiary |
| 16:22 | Beastiary |
| 16:45 | Forked Lightning |
| 16:49 | Peon |
| 16:49 | Peon |
| 16:49 | Peon |
| 16:55 | Beastiary |
| 17:15 | Watch Tower |
| 17:19 | Steel Armor |
| 17:19 | Spiked Barricades |
| 17:28 | Great Hall |
| 17:30 | Watch Tower |
| 17:31 | Watch Tower |
| 17:33 | Watch Tower |
| 18:01 | Liquid Fire |
| 18:27 | Troll Batrider |
| 18:38 | Peon |
| 18:38 | Peon |
| 19:14 | Watch Tower |
| 19:15 | Watch Tower |
| 19:29 | Watch Tower |
| 19:29 | Watch Tower |
| 19:32 | Watch Tower |
| 19:34 | Watch Tower |
| 19:36 | Troll Batrider |
| 19:36 | Troll Batrider |
| 19:39 | Watch Tower |
| 19:50 | Watch Tower |
| 19:52 | Watch Tower |
| 19:54 | Watch Tower |
| 20:08 | Watch Tower |
| 20:09 | Watch Tower |
| 20:11 | Watch Tower |
| 20:16 | Boots of Speed |
| 20:17 | Staff of Teleportation |
| 20:21 | Watch Tower |
| 20:29 | Watch Tower |
| 20:32 | Watch Tower |
| 20:34 | Watch Tower |
| 20:37 | Troll Batrider |
| 20:38 | Thorium Armor |
| 20:39 | Improved Spiked Barricades |
| 20:44 | Watch Tower |
| 20:50 | Watch Tower |
| 20:54 | Watch Tower |
| 20:57 | Watch Tower |
| 21:02 | Watch Tower |
| 21:05 | Watch Tower |
| 21:15 | Watch Tower |
| 21:17 | Watch Tower |
| 21:30 | Watch Tower |
| 21:33 | Watch Tower |
| 21:56 | Troll Batrider |
| 21:56 | Troll Batrider |
| 21:57 | Troll Batrider |
| 23:01 | Staff of Sanctuary |
| 23:05 | Staff of Sanctuary |
| 23:17 | Orb of Fire |
| Right click | 1794 |
| Select | 524 |
| Select group | 420 |
| Misc. action | 236 |
| Use ability | 115 |
| Chat | 84 |
| Build/train/purchase | 76 |
| Assign group | 8 |
| Resource trade | 6 |
| Esc | 3 |
| Item give/drop | 2 |
| Minimap ping | 2 |



| Rod of Necromancy | 1 | 150 |
| Orb of Corruption | 2 | 750 |
| Boots of Speed | 3 | 750 |
| Staff of Teleportation | 3 | 450 |
| Periapt of Vitality | 2 | 650 |
| Staff of Sanctuary | 3 | 750 |
| Orb of Lightning | 1 | 375 |
| total: | 15 | 3875g |
| Acolyte | 8 | 600 | / | 0 |
| Ghoul | 12 | 1440 | / | 0 |
| Obsidian Statue | 3 | 600 | / | 105 |
| total: | 23 | 2640g | / | 105w |
| Nerubian Tower | 1 | 100 | / | 20 |
| Spirit Tower | 5 | 725 | / | 200 |
| Altar of Darkness | 1 | 180 | / | 50 |
| Ziggurat | 13 | 1950 | / | 650 |
| Crypt | 1 | 200 | / | 50 |
| Tomb of Relics | 1 | 130 | / | 30 |
| Graveyard | 1 | 215 | / | 0 |
| Necropolis | 1 | 225 | / | 0 |
| Slaughterhouse | 1 | 140 | / | 135 |
| Sacrificial Pit | 1 | 75 | / | 150 |
| Halls of the Dead | 1 | 320 | / | 210 |
| Black Citadel | 1 | 325 | / | 230 |
| total: | 20 | 3115g | / | 1065w |
| 0:06 | Acolyte |
| 0:10 | Altar of Darkness |
| 0:11 | Ziggurat |
| 0:14 | Acolyte |
| 0:35 | Crypt |
| 0:51 | Tomb of Relics |
| 1:07 | Ziggurat |
| 1:40 | Ghoul |
| 1:47 | Ghoul |
| 1:58 | Nerubian Tower |
| 2:06 | Ghoul |
| 2:09 | Ghoul |
| 2:22 | Rod of Necromancy |
| 2:32 | Carrion Swarm |
| 2:40 | Ghoul |
| 3:31 | Halls of the Dead |
| 4:10 | Vampiric Aura |
| 4:14 | Ghoul |
| 4:19 | Graveyard |
| 4:21 | Ziggurat |
| 4:48 | Ghoul |
| 4:48 | Ghoul |
| 5:21 | Ziggurat |
| 5:48 | Carrion Swarm |
| 5:58 | Black Citadel |
| 6:02 | Slaughterhouse |
| 6:04 | Spirit Tower |
| 6:27 | Boots of Speed |
| 6:39 | Staff of Teleportation |
| 7:06 | Spirit Tower |
| 7:08 | Obsidian Statue |
| 7:09 | Obsidian Statue |
| 7:57 | Ziggurat |
| 8:00 | Ziggurat |
| 8:03 | Frost Nova |
| 8:19 | Orb of Corruption |
| 9:54 | Sleep |
| 10:27 | Frost Armor |
| 10:54 | Obsidian Statue |
| 10:55 | Spirit Tower |
| 10:59 | Ziggurat |
| 11:00 | Ziggurat |
| 11:01 | Ziggurat |
| 11:28 | Ghoul Frenzy |
| 11:49 | Death Coil |
| 12:08 | Staff of Teleportation |
| 12:08 | Boots of Speed |
| 12:09 | Periapt of Vitality |
| 12:37 | Orb of Corruption |
| 13:31 | Acolyte |
| 13:31 | Acolyte |
| 13:31 | Acolyte |
| 13:31 | Acolyte |
| 13:32 | Acolyte |
| 13:34 | Ghoul |
| 13:34 | Ghoul |
| 13:34 | Ghoul |
| 13:35 | Ghoul |
| 14:12 | Staff of Teleportation |
| 14:12 | Boots of Speed |
| 14:25 | Frost Nova |
| 14:39 | Necropolis |
| 14:45 | Unholy Aura |
| 15:03 | Spirit Tower |
| 15:32 | Staff of Sanctuary |
| 15:39 | Staff of Sanctuary |
| 16:04 | Ziggurat |
| 16:06 | Ziggurat |
| 16:11 | Ziggurat |
| 16:13 | Ziggurat |
| 16:36 | Orb of Lightning |
| 17:31 | Sacrificial Pit |
| 17:35 | Spirit Tower |
| 17:53 | Staff of Sanctuary |
| 18:38 | Periapt of Vitality |
| 21:55 | Carrion Swarm |
| 22:33 | Death Coil |
| 23:47 | Acolyte |
| 25:17 | Frost Armor |
| 25:47 | Inferno |
| Right click | 1875 |
| Select group | 1219 |
| Select | 274 |
| Use ability | 99 |
| Misc. action | 93 |
| Resource trade | 88 |
| Build/train/purchase | 82 |
| Assign group | 18 |
| Item give/drop | 16 |
| Minimap ping | 5 |
| Esc | 4 |
⇛